 Dungeon Sprint DCSS version 0.15-a0-970-ga23ad50 (webtiles) character file.

7312 Bubba the Martial Artist (level 11, 0/80 HPs)
             Began as an Octopode Transmuter on May 23, 2014.
             Was the Champion of Cheibriados.
             Killed from afar by Erolcha (12 damage)
             ... with an orb of energy
             ... in the Dungeon (Sprint VII: "The Pits").
             The game lasted 00:19:58 (2336 turns).

Bubba the Martial Artist (Octopode Transmuter)      Turns: 2336, Time: 00:19:58

HP   0/80        AC  7     Str 24      XL: 11   Next: 13%
MP  14/32        EV 14     Int 31      God: Cheibriados [******]
Gold 0           SH  0     Dex 31      Spells:  4 memorised, 22 levels left

rFire  . . .     SeeInvis .       - Unarmed
rCold  . . .     Clarity  .     (shield currently unavailable)
rNeg   . . .     Conserve .     (helmet restricted)
rPois  .         rCorr    .     (no amulet)
rElec  .         rRot     .     g - +3 ring of protection
SustAb .         Spirit   .     s - +3 ring of protection
rMut   .         Warding  .     (no ring)
Gourm  .         NoTele   +     (no ring)
MR     .....                    (no ring)
                                (no ring)
                                (no ring)
                                (no ring)

@: blade tentacles (expiring), very slow, not resistant to hostile enchantments,
fairly stealthy
A: almost no armour, amphibious, 8 rings, constrict 8, camouflage 1, gelatinous
body 1
a: End Transformation, Bend Time, Temporal Distortion, Slouch, Step From Time,
Renounce Religion


You were in the Dungeon.
You worshipped Cheibriados.
Cheibriados was exalted by your worship.
You were not hungry.
Your tentacles were blades.
You visited 1 branch

Inventory:

Hand weapons
 q - a +0,+0 shortbow
Missiles
 b - 58 arrows
Comestibles
 a - 8 bread rations
 c - 40 strawberries
 k - 5 meat rations
Scrolls
 m - 2 scrolls of vulnerability
 n - 3 scrolls of remove curse
 o - 5 scrolls of amnesia
Jewellery
 g - a +3 ring of protection (left scythe-like blade)
 s - a +3 ring of protection (right scythe-like blade)
Potions
 e - 7 potions of curing
 h - 4 potions of magic
 i - a potion of brilliance
 l - a potion of invisibility
 p - a potion of agility
 r - a potion of cure mutation
 t - a potion of resistance
Books
 d - a book of Changes

   Spells                             Type                      Level
   *Beastly Appendage                 Transmutation                1
   Sticks to Snakes                   Transmutation                2
   *Spider Form                       Transmutation/Poison         3
   *Ice Form                          Ice/Transmutation            4
   *Blade Hands                       Transmutation                5


   Skills:
 + Level 9.6 Fighting
 - Level 2.0 Dodging
 + Level 14.4 Unarmed Combat
 + Level 12.8 Spellcasting
 + Level 12.8 Transmutations
 * Level 7.3 Invocations


You had 22 spell levels left.
You knew the following spells:

 Your Spells              Type           Power        Failure   Level  Hunger
a - Beastly Appendage     Trmt           ######       3%          1    None
b - Spider Form           Trmt/Pois      ######....   12%         3    None
c - Blade Hands           Trmt           #######...   12%         5    None
d - Ice Form              Ice/Trmt       ######....   21%         4    None


Dungeon Overview and Level Annotations

Branches:
Dungeon (1/1)

Altars:
Ashenzari
Cheibriados
Dithmenos
Elyvilon
Fedhas
Kikubaaqudgha
Makhleb
Nemelex Xobeh
Okawaru
Qazlal
Sif Muna
Trog
Vehumet
Xom
Yredelemnul
Zin
The Shining One
Beogh
Jiyva
Lugonu

Annotations:
D Erolcha


Innate Abilities, Weirdness & Mutations

You cannot wear most types of armour.
You are amphibious.
You can wear up to eight rings at the same time.*
You can use your tentacles to constrict many enemies at once.*
Your skin changes colour to match your surroundings (Stealth).*
Your rubbery body absorbs attacks (AC +1).*


Message History

Deactivating autopickup; reactivate with Ctrl-A.
There is an open door here.
The orc closely misses you.
You slice the orc!!
You kill the orc!
Cheibriados appreciates the change of pace.
Your transformation is almost over.
There is an open door here.
You hit the warg. You squeeze the warg!!
The warg is almost dead.
The warg bites you!
* * * LOW HITPOINT WARNING * * *
You slice the warg!!
You kill the warg!
Cheibriados thoroughly appreciates the change of pace.
You slice the warg!! You slash the warg!
You kill the warg!
Cheibriados thoroughly appreciates the change of pace.
The orb of energy hits you!
You die...

#................+
'................+
#......#..#).....#
#..........).....#
####'#####''######
#.......##''#########
#.......##......#...+
#.......##....###...##
#...<...##.).##.@%..+.##
#.......##..##..##)##o.##
#.......##..#..##...##..+ .#
#.......##.)#..#..h.{#..#...#
##########..%..'....h').'...+
##########..#..#.....#..#...#
...#..[[##..#..##...##..'...#
...#..[[##..##..##o##..##...#
...'..))##...##.+... .##
....#


There were no monsters in sight!

Vanquished Creatures
  A death yak (D)
  4 skeletal warriors (D)
  A lindwurm (D)
  A smoke demon (D)
  A molten gargoyle (D)
  A gargoyle (D)
  2 blue devils (D)
  4 blink frogs (D)
  A jumping spider (D)
  A bog body (D)
  A ynoxinul (D)
  A fire bat (D)
  A hungry ghost (D)
  2 wolves (D)
  3 wargs (D)
  A deep elf fighter (D)
  An orc warrior (D)
  A black bear (D)
  An ogre (D)
  A centaur (D)
  A crimson imp (D)
  A mummy (D)
  3 white imps (D)
  A giant mite (D)
  2 oozes (D)
  An orc (D)
  A giant cockroach (D)
  A quokka (D)
  2 giant geckos (D)
  A rat (D)
44 creatures vanquished.

Vanquished Creatures (collateral kills)
  A sky beast (D)
  An ufetubus (D)
  A bat (D)
3 creatures vanquished.

Grand Total: 47 creatures vanquished

Notes
Turn   | Place    | Note
--------------------------------------------------------------
     0 | D        | Bubba, the Octopode Transmuter, began the quest for the Orb.
     0 | D        | Reached XP level 1. HP: 13/13 MP: 3/3
    33 | D        | Found a basalt altar of Yredelemnul.
    33 | D        | Found a shadowy altar of Dithmenos.
    33 | D        | Found a deep blue altar of Sif Muna.
    33 | D        | Found a burning altar of Makhleb.
    33 | D        | Found a shimmering altar of Xom.
    33 | D        | Found an ancient bone altar of Kikubaaqudgha.
    33 | D        | Found a sparkling altar of Nemelex Xobeh.
    34 | D        | Found a glowing golden altar of the Shining One.
    34 | D        | Found a bloodstained altar of Trog.
    34 | D        | Found a shattered altar of Ashenzari.
    34 | D        | Found a white marble altar of Elyvilon.
    34 | D        | Found a snail-covered altar of Cheibriados.
    34 | D        | Found a blossoming altar of Fedhas.
    34 | D        | Found a radiant altar of Vehumet.
    34 | D        | Found a glowing silver altar of Zin.
    34 | D        | Found a corrupted altar of Lugonu.
    34 | D        | Found a viscous altar of Jiyva.
    34 | D        | Found a roughly hewn altar of Beogh.
    34 | D        | Found an iron altar of Okawaru.
    40 | D        | Found a stormy altar of Qazlal.
    42 | D        | Became a worshipper of Cheibriados the Contemplative
   356 | D        | Reached skill level 4 in Unarmed Combat
   356 | D        | Reached XP level 2. HP: 5/18 MP: 2/4
   576 | D        | Noticed a sky beast
   594 | D        | Killed a sky beast
   594 | D        | Reached skill level 6 in Unarmed Combat
   594 | D        | Reached XP level 3. HP: 22/24 MP: 5/8
   602 | D        | Gained mutation: Your body is slowly deteriorating. [mutagenic meat]
   666 | D        | Learned a level 3 spell: Spider Form
   670 | D        | Acquired Cheibriados' first power
   671 | D        | Reached XP level 4. HP: 29/29 MP: 8/10
   683 | D        | Noticed a hungry ghost
   695 | D        | Killed a hungry ghost
   695 | D        | Reached skill level 8 in Unarmed Combat
   695 | D        | Reached skill level 5 in Spellcasting
   695 | D        | Reached skill level 5 in Transmutations
   695 | D        | Reached XP level 5. HP: 15/36 MP: 3/15
   869 | D        | Noticed a centaur
   872 | D        | Killed a centaur
   872 | D        | Acquired Cheibriados' second power
   872 | D        | Reached skill level 9 in Unarmed Combat
   872 | D        | Reached XP level 6. HP: 33/43 MP: 14/18
  1067 | D        | Noticed an orc warrior
  1073 | D        | Killed an orc warrior
  1073 | D        | Reached skill level 10 in Unarmed Combat
  1273 | D        | Noticed an ogre
  1273 | D        | Noticed a fire bat
  1273 | D        | Noticed a deep elf fighter
  1279 | D        | Killed a deep elf fighter
  1279 | D        | Acquired Cheibriados' third power
  1279 | D        | Reached XP level 7. HP: 25/49 MP: 11/21
  1289 | D        | Killed a fire bat
  1289 | D        | Reached skill level 11 in Unarmed Combat
  1291 | D        | Killed an ogre
  1291 | D        | Reached skill level 5 in Fighting
  1493 | D        | Learned a level 5 spell: Blade Hands
  1499 | D        | Noticed a blue devil
  1499 | D        | Noticed a jumping spider
  1500 | D        | Noticed a wolf
  1503 | D        | Killed a jumping spider
  1503 | D        | Reached XP level 8. HP: 56/56 MP: 17/24
  1506 | D        | Killed a blue devil
  1506 | D        | Reached skill level 12 in Unarmed Combat
  1507 | D        | Killed a wolf
  1743 | D        | Lost mutation: Your body is slowly deteriorating. [potion of cure mutation]
  1827 | D        | Noticed a smoke demon
  1830 | D        | Noticed a warg
  1832 | D        | Killed a smoke demon
  1833 | D        | Killed a warg
  1833 | D        | Reached XP level 9. HP: 27/63 MP: 22/27
  2013 | D        | Noticed a skeletal warrior
  2015 | D        | Noticed a skeletal warrior
  2016 | D        | Noticed a death yak
  2016 | D        | Noticed a skeletal warrior
  2019 | D        | Killed a skeletal warrior
  2019 | D        | Reached skill level 13 in Unarmed Combat
  2019 | D        | Reached skill level 10 in Spellcasting
  2019 | D        | Reached skill level 10 in Transmutations
  2020 | D        | Noticed a wolf
  2029 | D        | Noticed a skeletal warrior
  2039 | D        | Killed a wolf
  2041 | D        | Killed a skeletal warrior
  2044 | D        | Killed a skeletal warrior
  2044 | D        | Reached XP level 10. HP: 50/72 MP: 16/29
  2047 | D        | Killed a skeletal warrior
  2068 | D        | Killed a death yak
  2068 | D        | Reached skill level 14 in Unarmed Combat
  2144 | D        | Noticed a gargoyle
  2149 | D        | Killed a gargoyle
  2259 | D        | Learned a level 4 spell: Ice Form
  2263 | D        | Noticed a blink frog
  2264 | D        | Noticed a blink frog
  2279 | D        | Noticed a black bear
  2279 | D        | Noticed a blink frog
  2280 | D        | Noticed a blink frog
  2281 | D        | Killed a blink frog
  2282 | D        | Noticed Erolcha
  2285 | D        | Killed a blink frog
  2286 | D        | Killed a blink frog
  2286 | D        | Reached skill level 5 in Invocations
  2288 | D        | Killed a blink frog
  2289 | D        | Killed a black bear
  2302 | D        | Noticed a bog body
  2309 | D        | Killed a bog body
  2311 | D        | Noticed a crimson imp
  2312 | D        | Noticed a ynoxinul
  2314 | D        | Noticed a molten gargoyle
  2315 | D        | Noticed a blue devil
  2315 | D        | Noticed a lindwurm
  2315 | D        | Killed a crimson imp
  2322 | D        | Killed a blue devil
  2323 | D        | Killed a ynoxinul
  2326 | D        | Killed a lindwurm
  2326 | D        | Reached XP level 11. HP: 21/80 MP: 17/31
  2327 | D        | Killed a molten gargoyle
  2329 | D        | Noticed an orc high priest
  2329 | D        | Noticed a warg
  2329 | D        | Noticed an orc warrior
  2330 | D        | Noticed an orc priest
  2330 | D        | Noticed a warg
  2335 | D        | Killed a warg
  2336 | D        | Killed a warg
  2336 | D        | Killed from afar by Erolcha

Action                   |  1- 3 |  4- 6 |  7- 9 | 10-12 || total
-------------------------+-------+-------+-------+-------++-------
Melee: Unarmed           |    26 |    23 |    30 |    26 ||   105
 Cast: Beastly Appendage |     5 |     4 |       |     1 ||    10
       Blade Hands       |       |       |     5 |     5 ||    10
Invok: Bend Time         |       |     6 |     4 |     3 ||    13
       Slouch            |       |       |       |     2 ||     2
  Use: Potion            |     1 |       |     9 |     1 ||    11
       Scroll            |     1 |       |     1 |       ||     2
 Stab: Sleeping          |     2 |       |     1 |     1 ||     4
       Invisible         |       |       |     2 |     1 ||     3
